 Dungeon Crawl Stone Soup version 0.21.0-37-g46506fa (webtiles) character file.

84 doot the Firebug (level 4, -3/35 HPs)
             Began as a Draconian Fire Elementalist on Jan 31, 2018.
             Killed from afar by Ijyb (5 damage)
             ... with a wand of flame (20)
             ... on level 3 of the Dungeon.
             The game lasted 00:04:37 (2212 turns).

doot the Firebug (Draconian Fire Elementalist)      Turns: 2212, Time: 00:04:37

Health: -3/35      AC:  5    Str:  9 (10) XL:     4   Next: 23%
Magic:  0/7        EV: 12    Int: 15 (17) God:
Gold:   123        SH:  0    Dex:  8 (11) Spells: 2/7 levels left

rFire    . . .     SeeInvis .   d - +0 hand axe
rCold    . . .     Gourm    .   (no shield)
rNeg     . . .     Faith    .   (armour unavailable)
rPois    .         Spirit   .   (helmet restricted)
rElec    .         Reflect  .   (no cloak)
rCorr    .         Harm     .   (no gloves)
MR       .....                  (no boots)
Stlth    +++.......             (no amulet)
HPRegen  0.11/turn              k - ring of stealth
MPRegen  0.10/turn              (no ring)

@: very slightly contaminated
A: unfitting armour, cold-blooded, AC +5
a: no special abilities


You were on level 3 of the Dungeon.
You were not hungry.

You visited 1 branch of the dungeon, and saw 3 of its levels.

You collected 123 gold pieces.

Inventory:

Hand Weapons
 d - a +0 hand axe (weapon)
 l - a cursed -3 dagger
Jewellery
 k - a ring of stealth (left hand)
Scrolls
 c - a scroll of remove curse {unknown}
 e - 5 scrolls of identify {unknown}
 g - a scroll of enchant weapon {unknown}
 m - a scroll of teleportation {unknown}
 n - 2 scrolls of amnesia {unknown}
Potions
 f - a potion of agility {unknown}
 h - a potion of heal wounds {unknown}
 i - 3 potions of curing
 j - a potion of degeneration
 o - a potion of cancellation {unknown}
 q - a potion of magic {unknown}
Books
 a - a book of Flames

   Spells                             Type                      Level
   a - Flame Tongue                   Conjuration/Fire             1
   b - Throw Flame                    Conjuration/Fire             2
   c - Conjure Flame                  Conjuration/Fire             3
   d - Inner Flame                    Hexes/Fire                   3
   e - Sticky Flame                   Conjuration/Fire             4
   f - Fireball                       Conjuration/Fire             5
Comestibles
 b - 9 rations
 p - 3 chunks of flesh


   Skills:
 + Level 1.1 Fighting
 + Level 1.5 Axes
 + Level 2.2 Dodging
 + Level 2.3 Stealth
 + Level 0.3 Unarmed Combat
 + Level 2.3 Spellcasting
 + Level 1.2 Conjurations
 + Level 3.3 Fire Magic


You had 2 spell levels left.
You knew the following spells:

 Your Spells              Type           Power        Failure   Level  Hunger
a - Flame Tongue          Conj/Fire      #....        9%          1    #......
b - Sticky Flame          Conj/Fire      #.......     63%         4    #####..


Dungeon Overview and Level Annotations

Branches:
Dungeon (3/15)

Altars:

Annotations:
D:3 Ijyb


Innate Abilities, Weirdness & Mutations

Your plain brown scales are hard. (AC +5)
You cannot fit into any form of body armour.
You are cold-blooded and may be slowed by cold attacks.


Message History

Ijyb zaps a wand.
The puff of flame hits you!
Ijyb screams, "Level is mine!
All mine!"
Ijyb screams, "Me very upset!"
Ijyb zaps a wand.
The puff of flame hits you!
Casting: Sticky Flame
Confirm with . or Enter, or press ? or * to list all spells.
The spell is very dangerous to cast!
Continue anyway?
Aiming: Sticky Flame
Press: ? - help, Shift-Dir - straight line, f/p - Ijyb
Aim: Ijyb, wielding an enchanted club, wearing a ring mail and carrying a wand of flame (20)
You miscast Sticky Flame.
A wave of violent energy washes through your body!
* * * LOW HITPOINT WARNING * * *
Ijyb hits you with an enchanted club.
* * * LOW HITPOINT WARNING * * *
It was a potion of degeneration.
There was something very wrong with that liquid.
You feel weakened.
You feel dopey.
You feel clumsy.
Ijyb zaps a wand.
The puff of flame hits you!
You die...

### ########.#
#..@grb..# #.######.#
#############.# #.#
##.....).......# #r#
.##.#################.##
.##.......... .........#
.##..######## #######..#
.##..# .........#
.##..###### ...........


You could see Ijyb, a bat and a rat.

Vanquished Creatures
  Jessica (D:2)
  An adder (D:2)
  A worm (D:2)
  A dart slug (D:1)
  3 leopard geckos
  2 giant cockroaches
  6 goblins
  4 hobgoblins
  A quokka (D:2)
  6 bats
  3 frilled lizards
  2 kobolds
  13 rats
44 creatures vanquished.

Notes
Turn   | Place    | Note
-------+----------+-------------------------------------------
     0 | D:1      | doot the Draconian Fire Elementalist began the quest for the Orb.
     0 | D:1      | Reached XP level 1. HP: 14/14 MP: 3/3
   310 | D:1      | Reached XP level 2. HP: 8/20 MP: 3/5
   964 | D:2      | Reached XP level 3. HP: 5/27 MP: 0/6
  1211 | D:2      | Reached skill level 1 in Axes
  1794 | D:2      | Noticed Jessica
  1800 | D:2      | Killed Jessica
  1800 | D:2      | Reached skill level 1 in Fighting
  1800 | D:2      | Reached XP level 4. HP: 35/35 MP: 3/7
  1810 | D:2      | Learned a level 4 spell: Sticky Flame
  2196 | D:3      | Noticed Ijyb
  2212 | D:3      | Killed from afar by Ijyb

Skill      XL: |  1  2  3 |
---------------+----------+-----
Stealth        | 2 |  2.3
Dodging        | 2 |  2.2
Axes           | 1 |  1.5
Fighting       | 1 |  1.1
Unarmed Combat | |  0.3
Spellcasting   | |  2.3
Conjurations   | |  1.2
Fire Magic     | |  3.3

Action                   |  1- 3 |  4- 6 || total
-------------------------+-------+-------++-------
Melee: Hand axe          |    66 |     7 ||    73
       Unarmed           |     4 |       ||     4
       Tailslap          |     4 |       ||     4
 Cast: Flame Tongue      |    29 |    14 ||    43
  Use: Potion            |     1 |     1 ||     2
  Eat: Chunk             |     3 |     2 ||     5
Armor: Skin              |    30 |     9 ||    39
Dodge: Dodged            |    67 |    11 ||    78
